 Dungeon Crawl Stone Soup version 0.30-a0-1043-g60ff8d5f49 (webtiles) character file.

Game seed: 18360897718855195106

612749 cforsyth the Cloud Mage (level 27, -5/203 HPs)
             Began as an Octopode Summoner on Apr 10, 2023.
             Was the Champion of Jiyva.
             Slain by a balrug
             ... wielding a +0 demon whip
              (7 damage)
             ... on level 4 of Gehenna on Apr 11, 2023.
             The game lasted 03:29:40 (85367 turns).

cforsyth the Cloud Mage (Octopode Summoner)        Turns: 85367, Time: 03:29:41

Health: -5/203     AC:  3    Str:  6      XL:     27
Magic:  62/62      EV: 39    Int: 40 (44) God:    Jiyva [******]
Gold:   4042       SH:  0    Dex: 27      Spells: 7/52 levels left

rFire   + + .      SeeInvis +    S - +4 shortbow "Netuacrom" {heavy, rElec rCorr Stlth+}
rCold   + + +      Faith    .    (shield currently unavailable)
rNeg    + + .      Spirit   .    K - +2 hood of the Assassin {Detect Stab+ Stlth++}
rPois   .          Reflect  .    i - amulet of Vitality {RegenMP++ Regen++}
rElec   +          Rampage  .    w - ring "Estrocle" {rCorr Str+3 Int+6 Dex+3}
rCorr   +                        T - ring "Vuemia" {EV+5 Str+3 Int+5}
Will    +++++                    B - ring of Ashenzari, Muttering {rN+ Slay+2}
Stlth   +++++++                  t - ring "Wynenik" {Fly rF+ rC+++ Will+++ Str-4}
HPRegen 3.73/turn                G - ring of magical power
MPRegen 1.68/turn                Q - ring of Doun {rElec rC- MP+9 Int+6 Dex+3}
                                 A - ring of see invisible
                                 P - ring of Cuupsip {rF+ rN+ Will+ Str-5 Slay+2}

@: flying, studying 2 skills, unable to read
A: almost no armour, amphibious, 8 rings, camouflage 1, gelatinous body 1,
(nimble swimmer 1), tentacles, tentacle spike 3, agile 2, cold resistance 2,
high MP 1, strong 1, jelly sensing items
}: 4/15 runes: barnacled, slimy, silver, gossamer
a: Renounce Religion, Oozemancy, Slimify


You were on level 4 of Gehenna.
You worshipped Jiyva.
Jiyva was exalted by your worship.
You visited 14 branches of the dungeon, and saw 56 of its levels.
You also visited: Trove, Bailey, Gauntlet, Ice Cave and Volcano.

You collected 25206 gold pieces.
You spent 6846 gold pieces at shops.
You paid 14318 gold pieces to Gozag.

Inventory:

Hand Weapons
 S - the +4 shortbow "Netuacrom" (weapon) {heavy, rElec rCorr Stlth+}
   (You found it in an ice cave)

   rElec:     It insulates you from electricity.
   rCorr:     It protects you from acid and corrosion.
   Stlth:     It makes you more stealthy.
Armour
 K - the +2 hood of the Assassin (worn) {Detect Stab+ Stlth++}
   (You found it in a treasure trove)

   Detect:    It allows the wearer to sense nearby creatures.
   Stab+:     It allows the wearer to make particularly effective stabbing
   attacks against helpless or unaware enemies with any weapon.
   Stlth:     It makes you much more stealthy.
Jewellery
 i - the amulet of Vitality (around mantle) {RegenMP++ Regen++}
   (You bought it in a shop on level 1 of the Lair of Beasts)

   [amulet of magic regeneration]

   It increases your rate of magic regeneration.
   Regen:     It increases your rate of health regeneration.
 l - a +4 ring of protection
 m - the ring "Lufeth" {+Blink rN+}
   (You found it on level 3 of the Crypt)

   [ring of positive energy]

   rN:        It protects you from negative energy.
   +Blink:    It lets you blink.
 t - the ring "Wynenik" (on tentacle) {Fly rF+ rC+++ Will+++ Str-4}
   (You found it on level 4 of the Shoals)

   [ring of flight]

   Str:       It affects your strength (-4).
   rF:        It protects you from fire.
   rC:        It renders you almost immune to cold.
   Fly:       It grants you flight.
   Will:      It greatly increases your willpower.
 w - the ring "Estrocle" (left tentacle) {rCorr Str+3 Int+6 Dex+3}
   (You found it on level 3 of the Crypt)

   [ring of intelligence]

   Str:       It affects your strength (+3).
   Int:       It affects your intelligence (+6).
   Dex:       It affects your dexterity (+3).
   rCorr:     It protects you from acid and corrosion.
 x - the ring of the Griffon {Fly rPois}
   (You took it off a deep elf annihilator on level 3 of the Elven Halls)

   [ring of flight]

   rPois:     It protects you from poison.
   Fly:       It grants you flight.
 A - a ring of see invisible (on tentacle)
 B - the ring of Ashenzari, Muttering (on tentacle) {rN+ Slay+2}
   (You found it on level 3 of the Crypt)

   [ring of positive energy]

   Slay:      It affects your accuracy & damage with ranged weapons and melee
   (+2).
   rN:        It protects you from negative energy.
 F - a ring of magical power
 G - a ring of magical power (on tentacle)
 I - a +6 ring of intelligence
 J - a ring of magical power
 P - the ring of Cuupsip (on tentacle) {rF+ rN+ Will+ Str-5 Slay+2}
   (You found it on level 3 of the Crypt)

   [ring of positive energy]

   Str:       It affects your strength (-5).
   Slay:      It affects your accuracy & damage with ranged weapons and melee
   (+2).
   rF:        It protects you from fire.
   rN:        It protects you from negative energy.
   Will:      It increases your willpower.
 Q - the ring of Doun (on tentacle) {rElec rC- MP+9 Int+6 Dex+3}
   (You found it in a Gauntlet)

   [ring of magical power]

   Int:       It affects your intelligence (+6).
   Dex:       It affects your dexterity (+3).
   rC:        It makes you vulnerable to cold.
   rElec:     It insulates you from electricity.
   MP:        It affects your magic capacity (+9).
 T - the ring "Vuemia" (right tentacle) {EV+5 Str+3 Int+5}
   (You took it off a deep elf death mage on level 3 of the Elven Halls)

   [ring of evasion]

   EV:        It affects your evasion (+5).
   Str:       It affects your strength (+3).
   Int:       It affects your intelligence (+5).
 Z - a +5 ring of evasion
Wands
 b - a wand of roots (25)
 n - a wand of charming (27)
 o - a wand of flame (94)
 q - a wand of polymorph (31)
 X - a wand of quicksilver (8)
 Y - a wand of digging (13)
Scrolls
 c - 5 scrolls of amnesia
 d - 19 scrolls of teleportation
 f - 12 scrolls of fog
 j - 8 scrolls of blinking
 y - 10 scrolls of poison
 z - 6 scrolls of vulnerability
 E - 5 scrolls of torment
 L - 2 scrolls of butterflies
 U - 8 scrolls of magic mapping
 V - 9 scrolls of fear
 W - 7 scrolls of immolation
Potions
 a - 5 potions of magic
 e - 6 potions of cancellation
 g - 15 potions of curing
 h - 10 potions of flight
 k - 12 potions of ambrosia
 p - 5 potions of heal wounds
 r - 14 potions of mutation
 s - 7 potions of attraction
 u - 4 potions of resistance
 v - 8 potions of brilliance
 C - 4 potions of berserk rage
 D - 10 potions of haste
 H - 8 potions of invisibility
 O - 11 potions of might
 R - 6 potions of lignification
Miscellaneous
 M - a phantom mirror
 N - a tin of tremorstones (2/2)


   Skills:
 + Level 20.4 Fighting
 + Level 20.5 Dodging
 - Level 2.6 Stealth
 + Level 21.2 Unarmed Combat
 - Level 13.1 Spellcasting
 - Level 4.0 Hexes
 - Level 14.6 Summonings
 - Level 12.0 Translocations
 + Level 16.5 Transmutations
 + Level 21.5 Air Magic


You had 7 spell levels left.
You knew the following spells:

 Your Spells              Type           Power      Damage    Failure   Level
a - Storm Form            Tmut/Air       54%        N/A       1%          7
b - Manifold Assault      Tloc           89%        N/A       1%          4
c - Call Canine Familiar  Summ           97%        N/A       0%          3
d - Summon Guardian Gole  Hex/Summ       79%        N/A       1%          3
e - Summon Lightning Spi  Summ/Air       100%       N/A       0%          4
f - Summon Forest         Summ/Tloc      46%        N/A       1%          5
g - Summon Cactus Giant   Summ           48%        N/A       1%          6
h - Summon Mana Viper     Hex/Summ       79%        N/A       1%          5
j - Maxwell's Capacitive  Air            57%        ∞         1%          8

Your spell library contained the following spells:

 Spells                   Type           Power      Damage    Failure   Level
 Apportation              Tloc           100%       N/A       0%          1
 Shock                    Conj/Air       100%       1d9       0%          1
 Summon Small Mammal      Summ           100%       N/A       0%          1
 Blink                    Tloc           100%       N/A       0%          2
 Call Imp                 Summ           100%       N/A       0%          2
 Lesser Beckoning         Tloc           100%       N/A       0%          2
 Wereblood                Tmut           100%       N/A       0%          2
 Swiftness                Air            100%       N/A       0%          3
 Vhi's Electric Charge    Tloc/Air       100%       N/A       0%          3
 Airstrike                Air            57%        2d(9-25)  0%          4
 Foxfire                  Conj/Fire      100%       2x1d9     1%          1
 Freeze                   Ice            100%       1d10      1%          1
 Kiss of Death            Conj/Necr      100%       2d13      1%          1
 Necrotise                Necr           100%       1d9       1%          1
 Sandblast                Erth           52%        2d12      1%          1
 Slow                     Hex            100%       N/A       1%          1
 Sting                    Tmut/Pois      100%       1d8       1%          1
 Cigotuvi's Dreadful Rot  Necr/Pois/Air  100%       N/A       1%          2
 Ensorcelled Hibernation  Hex/Ice        84%        N/A       1%          2
 Momentum Strike          Conj/Tloc      100%       3d10      1%          2
 Passwall                 Tmut/Erth      62%        N/A       1%          2
 Poisonous Vapours        Pois/Air       100%       N/A       1%          2
 Static Discharge         Conj/Air       100%       2-7/arc   1%          2
 Sublimation of Blood     Necr           26%        N/A       1%          2
 Confusing Touch          Hex            55%        N/A       1%          3
 Dazzling Flash           Conj/Hex       84%        N/A       1%          3
 Gell's Gravitas          Tloc           89%        N/A       1%          3
 Inner Flame              Hex/Fire       42%        N/A       1%          3
 Mephitic Cloud           Conj/Pois/Air  70%        N/A       1%          3
 Portal Projectile        Hex/Tloc       100%       N/A       1%          3
 Spider Form              Tmut/Pois      75%        N/A       1%          3
 Teleport Other           Tloc           89%        N/A       1%          3
 Tukima's Dance           Hex            55%        N/A       1%          3
 Volatile Blastmotes      Fire/Tloc      100%       2d18      1%          3
 Ice Form                 Ice/Tmut       75%        N/A       1%          4
 Iskenderun's Mystic Bla  Conj/Tloc      65%        2d13      1%          4
 Passage of Golubria      Tloc           89%        N/A       1%          4
 Petrify                  Tmut/Erth      75%        N/A       1%          4
 Summon Ice Beast         Ice/Summ       71%        N/A       1%          4
 Alistair's Intoxication  Tmut/Pois      50%        N/A       1%          5
 Arcjolt                  Conj/Air       42%        1d52      1%          5
 Blade Hands              Tmut           51%        N/A       1%          5
 Silence                  Hex/Air        45%        N/A       1%          5
 Yara's Violent Unravell  Hex/Tmut       41%        3d16      1%          5
 Dispersal                Tloc           44%        N/A       1%          6
 Dragon Form              Tmut           51%        N/A       1%          7
 Cause Fear               Hex            27%        N/A       2%          4
 Conjure Ball Lightning   Conj/Air       42%        3x3d15    2%          6
 Plasma Beam              Fire/Air       42%        2x1d61    2%          6
 Summon Hydra             Summ           48%        N/A       2%          7
 Frozen Ramparts          Ice            52%        1d8       3%          3
 Hailstorm                Conj/Ice       26%        3d7       3%          3
 Ozocubu's Armour         Ice            26%        N/A       3%          3
 Stone Arrow              Conj/Erth      52%        3d10      3%          3
 Vampiric Draining        Necr           26%        2d7       3%          3
 Malign Gateway           Summ/Tloc      46%        N/A       4%          7
 Anguish                  Hex/Necr       21%        N/A       5%          4
 Fulminant Prism          Conj/Hex       21%        3d12      5%          4
 Statue Form              Tmut/Erth      50%        N/A       7%          6
 Animate Dead             Necr           26%        N/A       13%         4
 Flame Wave               Conj/Fire      26%        2d8       13%         4
 Olgreb's Toxic Radiance  Pois           26%        N/A       13%         4
 Sticky Flame             Conj/Fire      26%        2d5       13%         4
 Metabolic Englaciation   Hex/Ice        21%        N/A       16%         5
 Agony                    Necr           26%        N/A       34%         5
 Fireball                 Conj/Fire      13%        3d7       34%         5
 Lee's Rapid Deconstruct  Erth           13%        3d9*      34%         5
 Haunt                    Necr/Summ      35%        N/A       47%         7
 Death Channel            Necr           13%        N/A       89%         6
 Iron Shot                Conj/Erth      13%        9d3       89%         6
 Simulacrum               Ice/Necr       13%        N/A       89%         6
 Starburst                Conj/Fire      13%        6d5       89%         6
 Enfeeble                 Hex            27%        N/A       91%         7
 Ozocubu's Refrigeration  Ice            13%        4d10      100%        7
 Summon Horrible Things   Summ           48%        N/A       21%         8
 Disjunction              Tloc           44%        N/A       52%         8
 Necromutation            Tmut/Necr      37%        N/A       96%         8
 Dragon's Call            Summ           48%        N/A       97%         9
 Borgnjor's Revivificati  Necr           13%        N/A       100%        8
 Discord                  Hex            27%        N/A       100%        8
 Ignition                 Fire           13%        3d6       100%        8
 Infestation              Necr           13%        N/A       100%        8
 Lehudib's Crystal Spear  Conj/Erth      13%        10d4      100%        8
 Death's Door             Necr           13%        N/A       100%        9
 Animate Armour           Summ/Erth      Unusable   N/A       N/A         4

Dungeon Overview and Level Annotations

Branches:
Dungeon (15/15)            Temple (1/1) D:5            Lair (5/5) D:10
 Shoals (4/4) Lair:2       Spider (4/4) Lair:3        Slime (5/5) Lair:5
    Orc (2/2) D:9             Elf (3/3) Orc:2        Vaults (5/5) D:14
  Crypt (3/3) Vaults:3       Tomb (1/3) Crypt:3      Depths (3/4) D:15
   Hell (visited)             Dis (0/7) Hell            Geh (4/7) Hell
    Coc (0/7) Hell            Tar (0/7) Hell         Bailey (visited)
  IceCv (visited)         Volcano (visited)         Gauntlet (visited)

Altars:
Ashenzari
Cheibriados
Elyvilon
Fedhas
Gozag
Hepliaklqana
Kikubaaqudgha
Makhleb
Qazlal
Ru
Sif Muna
Trog
Uskayaw
Vehumet
Wu Jian
Xom
Yredelemnul
The Shining One
Jiyva

Shops:
D:6 :(*[!   Orc:2 ![[?:   Elf:1 (   Elf:2 *   Elf:3 ?   Lair:1 ?!:!?=*?:*(*
Shoals:4 *   Vaults:3 :   Depths:1 ?(!?

Portals:
Hell: Depths:1 Depths:2 Depths:3
Abyss: Depths:3
Pandemonium: Depths:2
Ziggurat: Depths:3

Annotations:
Slime:5 Royal Jelly


Innate Abilities, Weirdness & Mutations

You cannot wear most types of armour.
You are amphibious.
You can wear up to eight rings at the same time.
Your skin changes colour to match your surroundings (Stealth+).
Your rubbery body absorbs attacks. (AC +1, EV +1)
((You are camouflaged when in or above water. (Stealth+)))
You have tentacles for arms and can constrict up to eight enemies at once.
One of your tentacles bears a large vicious spike.
You are very agile. (Dex +8, Str/Int -2)
Your flesh is very cold resistant. (rC++)
You have an increased reservoir of magic. (+10% MP)
Your muscles are strong. (Str +4, Int/Dex -1)
You have a small jelly attached to you that senses nearby items.


Message History

The searing wretch completely resists.
The fireball engulfs the hell hog.
The hell hog completely resists.
The fireball engulfs the hell hog.
The hell hog completely resists.
The fireball engulfs the hell hog.
The hell hog completely resists.
The fireball engulfs the balrug.
The balrug completely resists.
The hell hog misses you.
A hell hog comes into view.
The hell hog breathes fire at you.
The fireball explodes!
The fireball engulfs you! You resist.
The fireball engulfs the searing wretch.
The searing wretch completely resists.
The fireball engulfs the hell hog.
The hell hog completely resists.
The fireball engulfs the hell hog.
The hell hog completely resists.
The fireball engulfs the hell hog.
The hell hog completely resists.
The fireball engulfs the balrug.
The balrug completely resists.
The searing wretch completely misses you.
The searing wretch claws you!!
The searing wretch completely misses you.
You hear an angry squeal.
You are too injured to fight recklessly!
The hell hog completely misses you. x2; The hell hog barely misses you.
The balrug hits you with a +0 demon whip!!
* * * LOW HITPOINT WARNING * * *
You are engulfed in flames!
You resist.
* * * LOW HITPOINT WARNING * * *
The hell hog barely misses you. The hell hog breathes fire at you.
The fireball explodes!
The fireball engulfs you! You resist.
* * * LOW HITPOINT WARNING * * *
The fireball engulfs the searing wretch.
The searing wretch completely resists.
The fireball engulfs the hell hog.
The hell hog completely resists.
The fireball engulfs the hell hog.
The hell hog completely resists.
The fireball engulfs the hell hog.
The hell hog completely resists.
The fireball engulfs the balrug.
The balrug completely resists.
The searing wretch misses you. The searing wretch closely misses you.
The searing wretch completely misses you.
The balrug hits you with a +0 demon whip!!
* * * LOW HITPOINT WARNING * * *
You are engulfed in flames!
You resist.
You die...

##############
#≈≈≈≈§≈≈§≈≈≈§##
≈.............§
#..............
#.............
+....nhh...§≈.
#.@h....≈.
#.......2##....
.......^.# .
...≈≈#≈..#
≈..≈≈#≈..# #...
...## ≈.. ..##
... ###


You could see a searing wretch, a balrug and 3 hell hogs.

Vanquished Creatures
  2 dread liches
  An ancient lich (Vaults:5)
  Mara (Vaults:5)
  A royal mummy (Tomb:1)
  Josephina (Crypt:2)
  Frederick (Vaults:2)
  Saint Roka (Vaults:5)
  A caustic shrike (Depths:3)
  7 golden dragons
  Nikola (Depths:1)
  Jory (Vaults:5)
  The ghost of Pimiptod the Executioner, an adept MiFi of the Shining One (Crypt:3)
  The ghost of Zievuyg the Executioner, an adept MiFi of the Shining One (Crypt:2)
  The ghost of Pimiptod the Executioner, an adept MiFi of the Shining One (Crypt:2)
  Geryon (Hell)
  A profane servitor (Crypt:3)
  Arachne (Spider:3)
  2 hellephants
  3 Brimstone Fiends
  6 tentacled monstrosities
  A tainted leviathan (Depths:1)
  A walking crystal tome (Depths:3)
  5 liches
  2 deep elf blademasters (Elf:3)
  A walking divine tome (Depths:3)
  2 quicksilver dragons (Vaults:5)
  6 searing wretches
  2 deep elf master archers (Elf:3)
  4 titans
  9 ancient champions (Crypt:3)
  13 sphinxes
  A walking frostbound tome (Depths:3)
  Polyphemus (Shoals:3)
  14 acid blobs
  3 tengu reavers
  3 shadow dragons
  4 revenants
  Donald (Vaults:1)
  2 storm dragons
  10 azure jellies
  10 rockslimes
  5 emperor scorpions
  4 iron dragons
  19 fire giants
  10 frost giants
  11 deep elf sorcerers
  9 balrugs
  A cacodemon (Hell)
  7 deep elf elementalists (Elf:3)
  3 orc warlords
  4 curse skulls
  12 ironbound preservers
  18 vault wardens
  A ghoul (Crypt:2)
  3 reapers
  23 very ugly things
  4 spriggan defenders (Depths:3)
  9 quicksilver oozes
  13 stone giants
  2 war gargoyles
  A rockslime zombie (Crypt:2)
  8 deep elf annihilators
  8 ironbound thunderhulks
  2 bennus (Tomb:1)
  9 vampire knights
  5 putrid mouths
  A lorocyproca (Depths:1)
  3 deep elf demonologists
  A bunyip (shapeshifter) (Vaults:5)
  4 spark wasps
  A minotaur (Gauntlet)
  8 eidola
  5 fire dragons
  9 deep elf death magi
  A green death (Depths:2)
  5 merfolk javelineers
  2 crystal guardians
  6 jiangshi
  6 ettins
  8 merfolk impalers
  2 iron golems (Depths:1)
  13 yaktaur captains
  4 entropy weavers
  14 great orbs of eyes
  9 mummy priests (Tomb:1)
  2 salamander tyrants
  30 vault guards
  3 deep elf high priests
  2 rakshasas (Depths:3)
  8 ice dragons
  A kraken zombie (Hell)
  A hell beast (Depths:3)
  2 spriggan air magi
  A fenstrider witch skeleton (Hell)
  4 ironbound frosthearts
  A jorogumo (Spider:4)
  3 peacekeepers
  2 ogre magi (Vaults:5)
  7 merfolk avatars
  A radroach (Spider:2)
  2 merfolk aquamancers
  An alligator (shapeshifter) (Vaults:5)
  13 centaur warriors
  A juggernaut simulacrum (Depths:2)
  29 dancing weapons
  3 death knights
  A boulder beetle (Spider:1)
  6 two-headed ogres
  A satyr (Shoals:3)
  An alligator (Shoals:1)
  19 death scarabs (Tomb:1)
  20 hell hogs
  An alligator snapping turtle (Shoals:4)
  2 vampire magi (Crypt:1)
  5 deep troll earth magi
  10 deep troll shamans
  7 tengu warriors
  29 hell knights
  8 deep elf knights
  A storm dragon zombie (Crypt:1)
  4 spriggan berserkers
  A soul eater (Depths:3)
  8 spriggans
  3 skysharks
  2 sun demons (Hell)
  3 sun moths
  11 iron trolls
  A sixfirhy (Depths:1)
  3 pharaoh ants
  A salamander mystic (Depths:3)
  16 skeletal warriors
  3 shadow wraiths
  An iron giant zombie (Crypt:1)
  An anaconda zombie (Hell)
  8 sea snakes
  9 orb spiders
  41 deep trolls
  A bunyip skeleton (Crypt:1)
  7 wizards
  7 steelbarb worms
  A golden dragon skeleton (Hell)
  5 deep elf archers
  12 ironbound convokers
  4 lindwurms
  6 flayed ghosts
  20 deep elf zephyrmancers
  4 orc knights
  A shadow dragon zombie (Crypt:1)
  9 wolf spiders
  12 harpies
  14 necromancers
  An orc sorcerer (Vaults:3)
  9 fauns
  A tengu skeleton (Depths:2)
  11 phantasmal warriors
  11 manticores
  18 ugly things
  A stone giant zombie (Crypt:3)
  17 deep elf pyromancers
  A frost giant zombie (Depths:2)
  4 salamanders (Depths:3)
  A goliath frog skeleton (Crypt:3)
  3 shining eyes
  A jorogumo skeleton (Crypt:1)
  A manticore (shapeshifter) (Elf:2)
  A black mamba (Lair:5)
  2 moths of wrath
  A dire elephant zombie (Crypt:3)
  8 merfolk sirens
  7 rust devils
  A centaur zombie (Crypt:3)
  19 vault sentinels
  2 demonic crawlers (Spider:4)
  A stone giant skeleton (Crypt:3)
  A titan simulacrum (Tomb:1)
  4 smoke demons
  3 torpor snails
  2 orange demons
  3 eyes of devastation
  9 water nymphs
  A shock serpent skeleton (Crypt:2)
  A dire elephant skeleton (Hell)
  A red draconian zombie (Crypt:1)
  A centaur skeleton (Hell)
  A hellion (Geh:1)
  3 tormentors
  An anaconda simulacrum (Crypt:3)
  38 yaktaurs
  A death yak skeleton (Crypt:2)
  7 freezing wraiths
  5 tengu conjurers
  7 ice devils
  A pale draconian skeleton (Crypt:3)
  17 guardian mummies
  3 red devils (Depths:2)
  A harpy zombie (Crypt:1)
  8 hornets
  17 merfolk
  5 meliai
  A polar bear (Vaults:2)
  16 tarantellas
  2 wind drakes
  A queen bee (Spider:1)
  2 harpy skeletons
  A radroach zombie (Crypt:2)
  A hydra skeleton (Hell)
  A snapping turtle (shapeshifter) (Vaults:5)
  A tarantella zombie (Crypt:2)
  3 alligator zombies (Hell)
  5 snapping turtles
  A fire dragon zombie (Crypt:3)
  23 jumping spiders
  2 dream sheep
  An ettin zombie (Hell)
  102 slime creatures
  18 culicivoras
  An alligator skeleton (Hell)
  3 flying skulls (Crypt:2)
  A yak (Lair:5)
  9 water elementals
  An air elemental (Elf:2)
  A vampire (Crypt:2)
  A hog (shapeshifter) (Vaults:5)
  3 fire elementals
  A black mamba skeleton (Crypt:1)
  A chaos spawn (Depths:2)
  2 ushabtiu (Tomb:1)
  2 wraiths
  2 golden eyes (Slime:5)
  31 redbacks
  A steam dragon (Gauntlet)
  2 neqoxecs (Depths:2)
  3 vampire mosquitoes (D:15)
  A faun zombie (Crypt:2)
  A deep troll zombie (Crypt:3)
  A hydra simulacrum (Hell)
  A naga skeleton (Hell)
  8 hell hounds
  A glowing shapeshifter skeleton (Crypt:1)
  6 orc warriors
  A demonspawn skeleton (Crypt:1)
  An ice beast (Vaults:2)
  8 boggarts
  A centaur (D:14)
  6 ogres
  A dream sheep zombie (Crypt:1)
  A snapping turtle skeleton (Crypt:2)
  A draconian skeleton (Crypt:3)
  A naga simulacrum (Crypt:2)
  An earth elemental (Elf:1)
  A glowing shapeshifter simulacrum (Depths:2)
  A wight (D:10)
  8 killer bees (Spider:1)
  An iguana (D:6)
  An iron imp (Gauntlet)
  5 hell rats
  22 mummies
  2 adders (D:5)
  An ufetubus (Vaults:2)
  A lava snake zombie (Crypt:2)
  An adder skeleton (Crypt:3)
  2 dart slugs
  6 orcs
  2 endoplasms
  5 goblins
  2 hobgoblins (D:1)
  2 kobolds
  3 quokkas
  2 ball pythons
  A bat (D:2)
  A dart slug zombie (Crypt:3)
  2 frilled lizards (D:1)
  A kobold zombie (Crypt:2)
  A rat (D:1)
  5 creeping infernos
  32 fire vortices
  4 tentacles
1535 creatures vanquished.

Vanquished Creatures (collateral kills)
  An ancient lich (Vaults:4)
  The ghost of mandoloar the Black Belt, a veteran OpTm of Cheibriados (Vaults:4)
  The ghost of Katt the Executioner, an adept MiFi of the Shining One (Crypt:2)
  Jorgrun (D:13)
  The ghost of Joll the Tortoise, an adept FoRe of Jiyva (Vaults:2)
  A quicksilver dragon (Vaults:5)
  3 acid blobs (Slime:2)
  A shadow dragon (Vaults:4)
  2 tengu reavers (Vaults:5)
  Roxanne (D:14)
  A frost giant (Shoals:4)
  3 emperor scorpions
  An orc warlord (Orc:2)
  A reaper (IceCv)
  3 ironbound thunderhulks
  A war gargoyle (Vaults:1)
  2 ironbound preservers (Vaults:1)
  A spectral titan (Vaults:4)
  3 spark wasps
  2 ettins
  A green death (Gauntlet)
  2 deep elf death magi
  6 merfolk impalers
  A yaktaur captain (Vaults:1)
  A fire dragon (Volcano)
  3 entropy weavers
  2 mummy priests (Crypt:3)
  5 hydras
  2 ironbound frosthearts
  3 vault guards (Vaults:2)
  4 catoblepae
  A merfolk avatar (Lair:5)
  7 boulder beetles
  2 ogre magi
  4 centaur warriors
  A radroach (Spider:1)
  2 merfolk aquamancers (Shoals:2)
  3 alligator snapping turtles
  4 dancing weapons
  An alligator (Shoals:1)
  6 two-headed ogres
  2 death scarabs (Tomb:1)
  14 death yaks
  A hell hog (Volcano)
  3 orc high priests (Orc:2)
  3 vampire magi (Crypt:2)
  7 skeletal warriors
  A deep elf knight (Elf:2)
  A shadow wraith (Crypt:2)
  4 skysharks
  Lodul (D:12)
  3 deep trolls (Vaults:1)
  3 sun moths
  A goliath frog (Shoals:1)
  4 sea snakes
  2 obsidian statues
  10 orb spiders
  A deep elf archer (Elf:1)
  2 ironbound convokers
  A wizard (Vaults:1)
  8 harpies
  6 wolf spiders
  5 orc knights
  4 orc sorcerers
  4 deep elf pyromancers
  A lindwurm (Lair:2)
  6 deep elf zephyrmancers
  An oklob plant (D:10)
  13 ugly things
  6 fauns
  6 cyclopes
  3 moths of wrath
  8 manticores
  4 merfolk sirens
  3 black mambas
  Maurice (Orc:1)
  A demonic crawler (Spider:1)
  13 elephants (Lair:5)
  An ice statue (IceCv)
  A water nymph (Shoals:4)
  10 cane toads
  2 gargoyles
  2 torpor snails
  4 centaur skeletons (D:14)
  An orange demon (Gauntlet)
  10 komodo dragons
  A yaktaur (shapeshifter) (D:13)
  2 kobold demonologists
  6 rime drakes
  An unseen horror (D:11)
  2 yaktaurs (Vaults:5)
  2 freezing wraiths
  4 guardian mummies (Crypt:3)
  An ice devil (IceCv)
  2 anaconda simulacra (IceCv)
  A meliai (shapeshifter) (D:14)
  3 burning bushes (Lair:1)
  3 merfolk
  A meliai (Spider:4)
  11 tarantellas
  4 hornets
  11 trolls
  4 polar bears (Lair:5)
  A wind drake (Lair:5)
  A raiju (Gauntlet)
  10 dream sheep
  7 snapping turtles
  12 blink frogs
  2 flying skulls (Crypt:2)
  Sigmund (D:2)
  15 slime creatures
  3 vampires
  6 wraiths
  11 jumping spiders
  3 water elementals
  4 shadows
  8 culicivoras
  A ynoxinul (Gauntlet)
  2 air elementals
  A dire elephant simulacrum (IceCv)
  8 fire bats (Volcano)
  4 wyverns
  An ushabti (Crypt:3)
  66 yaks
  3 basilisks
  3 steam dragons
  A death yak simulacrum (IceCv)
  17 redbacks
  2 wargs
  2 acid dragons (D:11)
  Menkaure (D:7)
  3 harpy simulacra
  10 water moccasins
  26 orc warriors
  A boggart (Vaults:2)
  15 ogres
  A black bear (D:6)
  14 wolves
  A phantom (D:6)
  13 centaurs
  4 kobold brigands
  A nameless horror (Orc:1)
  9 bullfrogs
  A scorpion (D:6)
  3 cane toad simulacra (IceCv)
  7 two-headed ogre simulacra (IceCv)
  4 wights
  Dowan (D:4)
  8 killer bees
  2 elephant simulacra (IceCv)
  7 howler monkeys
  6 lava snakes (Volcano)
  5 hounds
  3 iron imps (Gauntlet)
  4 jellies
  15 orc priests
  Jessica (D:2)
  4 iguanas
  2 sleepcaps (D:7)
  Natasha (thrice) (D:2)
  Terence (D:2)
  20 orc wizards
  A wolf simulacrum (IceCv)
  5 spriggan simulacra
  2 troll simulacra (IceCv)
  3 gnolls (D:5)
  4 adders
  10 naga simulacra
  A shadow imp (D:5)
  10 white imps
  5 ufetubi (IceCv)
  2 dart slugs
  74 orcs
  11 endoplasms
  5 giant cockroaches
  8 hobgoblins
  2 quokkas (D:2)
  2 ball pythons
  2 bats
  A frilled lizard (D:3)
  7 goblins
  27 kobolds
  A rat (D:3)
  2 bushes
  A tentacle (Shoals:2)
916 creatures vanquished.

Vanquished Creatures (others)
  A kraken (Shoals:2)
  A shadow dragon (Vaults:4)
  Ilsuiw (Shoals:3)
  A fire giant (Vaults:5)
  A stone giant (Depths:1)
  A spark wasp (shapeshifter) (Depths:1)
  A yaktaur captain (Vaults:5)
  A satyr (Shoals:3)
  3 death yaks
  A deep troll shaman (Depths:3)
  A soul eater (Hell)
  A skyshark (Lair:5)
  4 glowing orange brains (Depths:3)
  A deep troll (Depths:1)
  A wolf spider (Spider:1)
  A cyclops (D:7)
  2 orc sorcerers (Orc:2)
  2 fauns
  An elephant (shapeshifter) (Depths:3)
  2 ugly things (Depths:1)
  4 elephants
  A merfolk siren (Shoals:3)
  A black mamba (Lair:5)
  2 ice devils (Hell)
  2 trolls
  2 merfolk (Shoals:3)
  A tarantella (shapeshifter) (Depths:3)
  A blink frog (Lair:2)
  2 snapping turtles
  A human simulacrum (Vaults:4)
  4 yaks
  A vampire (D:11)
  A steam dragon (Lair:5)
  Duvessa (D:4)
  An ice beast (D:5)
  An ogre (D:12)
  6 orc warriors
  A wolf (Lair:2)
  A gnoll sergeant (D:5)
  A scorpion (D:5)
  2 wights (D:8)
  55 jellies
  An orc priest (D:7)
  A hell rat (Hell)
  3 gnolls (D:5)
  2 steam dragon skeletons
  An ufetubus (D:5)
  2 orcs
  A hobgoblin (Bailey)
  2 creeping infernos (Hell)
  A fire vortex (Hell)
  68 fungi
  183 plants
  22 snaplasher vines
  8 tentacles
415 creatures vanquished.

Grand Total: 2866 creatures vanquished

Notes
Turn   | Place    | Note
-------+----------+-------------------------------------------
     0 | D:1      | cforsyth the Octopode Summoner began the quest for the Orb.
     0 | D:1      | Reached XP level 1. HP: 11/11 MP: 3/3
   382 | D:1      | Reached XP level 2. HP: 8/17 MP: 1/5
  1028 | D:2      | Reached XP level 3. HP: 21/21 MP: 4/6
  1040 | D:2      | Learned a level 2 spell: Call Imp
  1044 | D:2      | Learned a level 3 spell: Call Canine Familiar
  1098 | D:2      | Noticed Natasha
  1111 | D:2      | Killed Natasha
  1309 | D:2      | Reached XP level 4. HP: 22/27 MP: 4/8
  1344 | D:2      | Noticed Natasha
  1353 | D:2      | Killed Natasha
  1359 | D:2      | Noticed Natasha
  1363 | D:2      | Killed Natasha
  1364 | D:2      | Reached skill level 5 in Summonings
  1396 | D:2      | Noticed Terence
  1408 | D:2      | Killed Terence
  1409 | D:2      | Reached XP level 5. HP: 31/31 MP: 6/10
  1413 | D:2      | Learned a level 3 spell: Summon Guardian Golem
  1540 | D:2      | Noticed Sigmund
  1554 | D:2      | Killed Sigmund
  1555 | D:2      | Reached skill level 1 in Hexes
  1555 | D:2      | Reached XP level 6. HP: 28/36 MP: 2/12
  1862 | D:2      | Noticed Jessica
  1867 | D:2      | Killed Jessica
  2214 | D:3      | Learned a level 4 spell: Summon Lightning Spire
  2605 | D:3      | Identified the +1 pair of boots "Ynaohele" {+Inv Fly rC+
                  | Int-2}
  3010 | D:3      | Found a blossoming altar of Fedhas.
  3207 | D:4      | Noticed Dowan
  3220 | D:4      | Noticed Duvessa
  3358 | D:4      | Killed Duvessa
  3359 | D:4      | Reached skill level 1 in Air Magic
  3359 | D:4      | Reached XP level 7. HP: 14/41 MP: 3/13
  3812 | D:4      | Found a shimmering altar of Xom.
  3814 | D:4      | Found a shimmering altar of Xom.
  3815 | D:4      | Found a shimmering altar of Xom.
  3815 | D:4      | Found a shimmering altar of Xom.
  3816 | D:4      | Found a shimmering altar of Xom.
  4114 | D:4      | Killed Dowan
  4527 | D:4      | Identified the +3 leather armour of Ycon {Int+2}
  4536 | D:5      | Entered Level 5 of the Dungeon
  4854 | D:5      | Reached skill level 5 in Spellcasting
  5192 | D:5      | Reached XP level 8. HP: 46/46 MP: 8/15
  5383 | D:5      | Found a broken altar of Ashenzari.
  5730 | D:5      | Found a staircase to the Ecumenical Temple.
  5739 | Temple   | Entered the Ecumenical Temple
  5765 | Temple   | Became a worshipper of Gozag Ym Sagoz the Greedy
  6071 | D:6      | Found Emushreg's Weapon Shop.
  6247 | D:6      | Found Bucehem's General Store.
  6597 | D:6      | Found Bozamut's Antique Armour Shop.
  6749 | D:6      | Found Dauloqeo's Distillery.
  6898 | D:6      | Reached XP level 9. HP: 51/51 MP: 10/18
  6994 | D:6      | Found Lipeudgh's Book Shoppe.
  7137 | D:7      | Noticed Menkaure
  7140 | D:7      | Killed Menkaure
  7411 | D:7      | Found a burning altar of Makhleb.
  7604 | D:7      | Found a faded altar of an unknown god.
  7604 | D:7      | Found a faded altar of an unknown god.
  7611 | D:7      | Found a hide-covered altar of Uskayaw.
  7620 | D:7      | Reached skill level 5 in Air Magic
  7625 | D:7      | Found a basalt altar of Yredelemnul.
  7627 | D:7      | Found a white marble altar of Elyvilon.
  7696 | D:7      | Noticed a cyclops
  7739 | D:7      | Killed a cyclops
  9305 | D:8      | Noticed a hornet
  9320 | D:8      | Killed a hornet
  9491 | D:8      | Reached XP level 10. HP: 56/56 MP: 15/22
  9903 | D:6      | Bought a book of the Wilderness for 494 gold pieces
  9903 | D:6      | Bought a scroll of teleportation for 39 gold pieces
  9980 | D:8      | Learned a level 5 spell: Summon Mana Viper
 10295 | D:9      | Found a stormy altar of Qazlal.
 10328 | D:9      | Reached skill level 10 in Summonings
 10492 | D:9      | Found a staircase to the Orcish Mines.
 10702 | D:9      | Found a glowing golden altar of the Shining One.
 10761 | D:9      | Noticed a two-headed ogre
 10768 | D:9      | Killed a two-headed ogre
 11083 | D:10     | Entered Level 10 of the Dungeon
 11104 | D:10     | Found a flagged portal.
 11195 | Bailey   | Entered a bailey
 11843 | D:10     | Noticed an oklob plant
 11847 | D:10     | Found a staircase to the Lair.
 11856 | D:10     | Killed an oklob plant
 12163 | D:10     | Noticed a kobold demonologist
 12173 | D:10     | Killed a kobold demonologist
 12176 | D:10     | Reached XP level 11. HP: 53/61 MP: 13/24
 12290 | D:10     | Reached skill level 10 in Spellcasting
 12549 | D:10     | Noticed a two-headed ogre
 12558 | D:10     | Killed a two-headed ogre
 12872 | D:11     | Learned a level 5 spell: Summon Forest
 12879 | D:11     | Learned a level 6 spell: Summon Cactus Giant
 13993 | D:11     | Reached skill level 1 in Translocations
 14079 | D:11     | Noticed a boulder beetle
 14102 | D:11     | Killed a boulder beetle
 14269 | D:11     | Noticed a cyclops
 14278 | D:11     | Killed a cyclops
 14477 | D:11     | Noticed a two-headed ogre
 14487 | D:11     | Killed a two-headed ogre
 14530 | D:11     | Noticed a cyclops
 14537 | D:11     | Reached XP level 12. HP: 63/66 MP: 25/27
 14900 | D:12     | Found a portal to a secret trove of treasure.
 14922 | D:12     | You paid a toll of 5 scrolls of fear to enter a treasure
                  | trove
 14923 | Trove    | Entered a treasure trove
 14962 | Trove    | Found the +2 hood of the Assassin {Detect Stab+ Stlth++}
 14971 | Trove    | Got the Book of the Voyage and Companions
 14978 | Trove    | Got the Handbook of the Gestalt
 15126 | D:12     | Noticed a two-headed ogre
 15133 | D:12     | Killed a two-headed ogre
 15532 | D:12     | Noticed a boulder beetle
 15548 | D:12     | Noticed a sun demon
 15740 | D:12     | Killed a boulder beetle
 16115 | D:12     | Noticed Lodul
 16124 | D:12     | Killed Lodul
 16211 | D:12     | Found a runed translucent door.
 16211 | D:12     | Noticed a merfolk avatar
 16211 | D:12     | Noticed a merfolk impaler
 16232 | D:12     | Found a runed translucent door.
 16244 | D:12     | Found a runed translucent door.
 16390 | D:12     | Noticed a boulder beetle
 16404 | D:12     | Killed a boulder beetle
 16607 | Lair:1   | Entered Level 1 of the Lair of Beasts
 16614 | Lair:1   | Noticed a death yak
 16623 | Lair:1   | Reached XP level 13. HP: 70/71 MP: 30/30
 16693 | Lair:1   | Found a frozen archway.
 16700 | Lair:1   | Identified the +2 war axe "Okouhiv" {freeze, Dex+3}
 16720 | IceCv    | Entered an ice cave
 16835 | IceCv    | Reached skill level 1 in Fighting
 17144 | IceCv    | Identified the +4 shortbow "Netuacrom" {heavy, rElec rCorr
                  | Stlth+}
 17893 | IceCv    | Noticed a reaper
 17914 | IceCv    | Killed a reaper
 18006 | IceCv    | Got the Atlas of the Anticline and the Shot
 18893 | Lair:1   | Reached skill level 5 in Dodging
 19415 | Lair:2   | Found a staircase to the Shoals.
 19420 | Lair:2   | Reached skill level 5 in Fighting
 19732 | Lair:2   | Found a dark tunnel.
 19740 | Volcano  | Entered a volcano
 20122 | Volcano  | Noticed a fire dragon
 20160 | Volcano  | Killed a fire dragon
 20459 | Volcano  | Found a bloodstained altar of Trog.
 20822 | Lair:2   | Identified the +10 scimitar of Matad {heavy, Dex+6}
 21387 | Lair:1   | Bought a scroll of noise for 11 gold pieces
 21430 | Lair:2   | Reached XP level 14. HP: 61/92 MP: 31/31
 22775 | Lair:3   | Found a hole to the Spider Nest.
 23729 | Lair:4   | Reached skill level 10 in Dodging
 24212 | Lair:5   | Entered Level 5 of the Lair of Beasts
 24234 | Lair:5   | Reached skill level 10 in Fighting
 24738 | Lair:5   | Reached XP level 15. HP: 69/105 MP: 15/32
 24800 | Lair:5   | Reached skill level 1 in Transmutations
 25100 | Lair:5   | Identified a scroll of acquirement
 25819 | Lair:5   | Found a runed translucent door.
 25819 | Lair:5   | Found a viscous altar of Jiyva.
 25902 | Lair:5   | Reached skill level 5 in Transmutations
 26302 | Lair:5   | Found a staircase to the Slime Pits.
 26735 | D:12     | Learned a level 7 spell: Storm Form
 26862 | Orc:1    | Entered Level 1 of the Orcish Mines
 27249 | Orc:1    | Noticed Maurice
 27259 | Orc:1    | Killed Maurice
 27366 | Orc:2    | Entered Level 2 of the Orcish Mines
 27371 | Orc:2    | Paralysed by an orc sorcerer for 4 turns
 27962 | Orc:2    | Found Ommot's Distillery.
 28141 | Orc:2    | Noticed an orc warlord
 28165 | Orc:2    | Killed an orc warlord
 28414 | Orc:2    | Found a staircase to the Elven Halls.
 28702 | Orc:2    | Found Leerph's Antique Armour Shoppe.
 28702 | Orc:2    | Found Pyixetaj's Book Boutique.
 28704 | Orc:2    | Found Adocitt's Armour Shoppe.
 28704 | Orc:2    | Found Kaoco's Magic Scroll Boutique.
 29556 | D:13     | Reached XP level 16. HP: 112/112 MP: 33/33
 29736 | D:13     | Noticed Jorgrun
 29747 | D:13     | Killed Jorgrun
 30028 | D:14     | Noticed Roxanne
 30486 | D:14     | Reached skill level 10 in Air Magic
 30697 | D:14     | Found a gate to the Vaults.
 31317 | D:14     | Killed Roxanne
 31413 | D:15     | Entered Level 15 of the Dungeon
 31418 | D:15     | Found a basalt altar of Yredelemnul.
 31421 | D:15     | Found a gate leading to a gauntlet.
 31430 | Gauntlet | Entered a Gauntlet
 31430 | Gauntlet | Found a transporter.
 31437 | Gauntlet | Found a transporter.
 31441 | Gauntlet | Found a transporter.
 31449 | Gauntlet | Found a transporter.
 31453 | Gauntlet | Found a transporter.
 31461 | Gauntlet | Found a transporter.
 31465 | Gauntlet | Found a transporter.
 31474 | Gauntlet | Found a transporter.
 31478 | Gauntlet | Found a transporter.
 31486 | Gauntlet | Found a transporter.
 31517 | Gauntlet | Found a transporter.
 31529 | Gauntlet | Found a transporter.
 31542 | Gauntlet | Found a transporter.
 31555 | Gauntlet | Found a transporter.
 32554 | Gauntlet | Identified the ring of Doun {rElec rC- MP+9 Int+6 Dex+3}
 32620 | Gauntlet | Found the +3 pair of mountain boots {steadfast, rC+}
 32620 | Gauntlet | Identified the +0 fire dragon scales of Utasm {Fly rF++ rC-
                  | Regen+}
 32640 | Gauntlet | Identified the +0 robe of Freezing Creativity {MP+9 Slay+2}
 32641 | Gauntlet | Got the Notes on Airy Frost
 32652 | Gauntlet | Got the Almanac of the Shot and the Evil Eye
 33180 | D:15     | Reached skill level 10 in Transmutations
 33397 | D:15     | Found a staircase to the Depths.
 33751 | Spider:1 | Entered Level 1 of the Spider Nest
 33873 | Spider:1 | Gained mutation: You sometimes lose your temper in combat.
                  | [mutagenic glow]
 34173 | Spider:1 | Found the +5 Storm Queen's Shield {shock, Fly rElec}
 34555 | Spider:1 | Reached XP level 17. HP: 117/117 MP: 34/34
 34882 | Spider:1 | Lost mutation: You sometimes lose your temper in combat.
                  | [potion of mutation]
 34882 | Spider:1 | Gained mutation: Your muscles are strong. (Str +4, Int/Dex
                  | -1) [potion of mutation]
 34882 | Spider:1 | Gained mutation: You are somewhat resistant to further
                  | mutation. [potion of mutation]
 37297 | Spider:3 | Noticed Arachne
 37304 | Spider:3 | Killed Arachne
 38039 | Spider:4 | Entered Level 4 of the Spider Nest
 38591 | Spider:4 | Got a gossamer rune of Zot
 38765 | Spider:4 | Identified the +1 sling of the Egg {flame, rN+ Dex+2}
 38948 | Spider:4 | Reached XP level 18. HP: 122/124 MP: 35/35
 39700 | Spider:4 | Reached skill level 15 in Air Magic
 40343 | Lair:1   | Bought an ancient glass ring for 140 gold pieces
 40343 | Lair:1   | Identified the ring "Jodahad" {Ice Drain Fly Int+3 Dex+3}
                  | (You bought it in a shop on level 1 of the Lair of Beasts)
 40384 | Shoals:1 | Entered Level 1 of the Shoals
 41473 | Shoals:1 | You are sucked into a shaft and drop 1 floor!
 41840 | Shoals:2 | Reached skill level 15 in Transmutations
 42562 | Shoals:2 | Reached skill level 1 in Unarmed Combat
 44104 | Shoals:3 | Noticed Ilsuiw
 44120 | Shoals:3 | Killed Ilsuiw
 44173 | Shoals:3 | HP: 2/124 [merfolk impaler/+0 trident of venom (17)]
 44441 | Shoals:3 | Noticed Polyphemus
 45057 | Shoals:3 | Reached XP level 19. HP: 131/131 MP: 36/36
 45884 | Shoals:3 | Killed Polyphemus
 46069 | Shoals:4 | Entered Level 4 of the Shoals
 46121 | Shoals:4 | Found Fecs's CLEARANCE SALE!.
 46138 | Shoals:4 | Reached skill level 5 in Unarmed Combat
 46749 | Shoals:4 | Identified the ring "Wynenik" {Fly rF+ rC+++ Will+++ Str-4}
 47972 | Shoals:4 | Identified the staff of earth "Imi Teol" {rF+++ Str-3 Dex+3
                  | SInv}
 48136 | Shoals:4 | Got a barnacled rune of Zot
 48433 | Vaults:1 | Entered Level 1 of the Vaults
 49152 | Vaults:1 | Identified the +0 kite shield of the Devil's Team {Rampage
                  | Will+}
 49152 | Vaults:1 | Noticed Donald
 49174 | Vaults:1 | Killed Donald
 49605 | Vaults:1 | Reached XP level 20. HP: 91/142 MP: 37/37
 50915 | Vaults:2 | Noticed Frederick
 50935 | Vaults:2 | Killed Frederick
 51424 | Vaults:2 | Found a transporter.
 51427 | Vaults:2 | Found a bloodstained altar of Trog.
 51455 | Vaults:2 | Found a transporter.
 51456 | Vaults:2 | Noticed Joll's ghost (adept FoRe)
 52446 | Vaults:2 | Reached skill level 10 in Unarmed Combat
 53223 | Vaults:3 | Reached skill level 15 in Dodging
 53376 | Vaults:3 | Reached skill level 15 in Fighting
 53716 | Vaults:3 | Found a staircase to the Crypt.
 53811 | Vaults:3 | Reached XP level 21. HP: 137/151 MP: 38/38
 54504 | Vaults:3 | Found Ilof's Book Emporium.
 55017 | Vaults:4 | Acquired 521 gold pieces
 55565 | Vaults:4 | Found a transporter.
 55565 | Vaults:4 | Noticed mandoloar's ghost (veteran OpTm)
 55566 | Vaults:4 | Found a transporter.
 56583 | Vaults:4 | Killed mandoloar's ghost
 57219 | Vaults:2 | Killed Joll's ghost
 57659 | Elf:1    | Entered Level 1 of the Elven Halls
 57786 | Elf:1    | Learned a level 8 spell: Maxwell's Capacitive Coupling
 58629 | Elf:1    | Found Ocvinu's Antique Weapon Shop.
 58743 | Elf:1    | Found the +4 robe of Folly {Brill Will-∞ Int+8}
 59241 | Elf:2    | Found Liducs's General Store.
 59419 | Elf:2    | Reached XP level 22. HP: 161/162 MP: 39/39
 59487 | Elf:2    | Found a runed translucent gate.
 59489 | Elf:2    | Found a runed translucent gate.
 59489 | Elf:2    | Found a runed translucent gate.
 60274 | Elf:3    | Entered Level 3 of the Elven Halls
 60512 | Elf:3    | Got the Collected Works on Kinetic Energy
 60586 | Elf:3    | Found Norisik's Magic Scroll Boutique.
 61063 | Elf:3    | Identified the +11 halberd "Givvia" {heavy, *Rage rElec
                  | rC++ rCorr}
 61496 | Elf:3    | Identified the +10 flail of the Illusory Runes {venom,
                  | Str+2}
 61496 | Elf:3    | Identified the ring of the Griffon {Fly rPois}
 61759 | Elf:3    | Identified the +9 broad axe of Fury {venom, rElec rC+}
 61759 | Elf:3    | Identified the +2 robe of Qerphyq {-Tele Fly Regen+}
 61759 | Elf:3    | Identified the ring "Vuemia" {EV+5 Str+3 Int+5}
 62094 | Elf:3    | Identified the +0 pair of gloves "Sixkust" {Dex+2}
 62097 | Elf:3    | Identified the +8 scale mail of the Pleiades {rPois rC-
                  | Dex+3}
 62147 | Elf:3    | Identified the staff of conjuration "Hynenoug" {+Blink
                  | Will++ Dex-2 Stlth+}
 62302 | Elf:3    | Identified the +0 spear "Gram" {flame, Contam Will+++
                  | Str+3}
 62710 | Vaults:5 | Entered Level 5 of the Vaults
 62718 | Vaults:5 | Noticed a golden dragon
 63181 | Vaults:5 | Noticed a golden dragon
 63460 | Vaults:5 | Noticed an ancient lich
 63460 | Vaults:5 | Identified the +1 scimitar "Vuapunetay" {venom, rN+++ Will-
                  | Dex-5 SInv}
 63581 | Vaults:4 | Killed a golden dragon
 63623 | Vaults:4 | Killed an ancient lich
 64021 | Vaults:4 | Reached XP level 23. HP: 156/171 MP: 40/40
 64057 | Vaults:5 | Identified the +7 bardiche of Doom {heavy, Will+}
 64185 | Vaults:5 | Identified the amulet of Ethics {-Tele rPois Regen+ Dex+5
                  | SInv}
 64201 | Vaults:4 | Killed a golden dragon
 64552 | Vaults:5 | Reached skill level 15 in Unarmed Combat
 64663 | Vaults:5 | Noticed Jory
 64678 | Vaults:5 | Killed Jory
 65229 | Vaults:5 | Noticed Saint Roka
 65246 | Vaults:5 | Killed an ancient lich
 65263 | Vaults:5 | Killed Saint Roka
 65419 | Vaults:5 | Got a silver rune of Zot
 65674 | Vaults:5 | Noticed a golden dragon
 65686 | Vaults:5 | Killed a golden dragon
 65760 | Vaults:5 | Identified the +6 flail "Octopus's Death" {flame, Str+2}
 65874 | Vaults:5 | Noticed Mara
 65881 | Vaults:5 | Noticed cforsyth's illusion
 65887 | Vaults:5 | Killed Mara
 66317 | Vaults:5 | Noticed a golden dragon
 66322 | Vaults:5 | Killed a golden dragon
 66447 | Vaults:5 | Identified the staff of death "Dacelera" {*Corrode Drain
                  | rPois rC+++ rN+ Stlth+}
 66678 | Vaults:5 | Identified the ring of Dishonesty {Fly Str+2}
 66748 | Vaults:5 | Identified the staff of air "Bauroofe" {*Slow +Blink rElec
                  | MP+9}
 66832 | Vaults:5 | Reached XP level 24. HP: 178/180 MP: 40/40
 67332 | Vaults:5 | Identified the +2 chain mail of the Dungeon {rN+ Regen+
                  | Str+8}
 67732 | Slime:1  | Entered Level 1 of the Pits of Slime
 68015 | Orc:2    | Bought an Inescapable Atlas for 480 gold pieces
 68022 | Orc:2    | Learned a level 4 spell: Manifold Assault
 69964 | Slime:2  | Reached skill level 5 in Translocations
 72685 | Slime:5  | Entered Level 5 of the Pits of Slime
 72969 | Slime:5  | Noticed the Royal Jelly
 73845 | Lair:1   | Bought the ring "Zonaeps" {rPois rF- MP+9 Slay+4 SInv} for
                  | 1970 gold pieces
 73845 | Lair:1   | Bought the amulet of Vitality {RegenMP++ Regen++} for 1900
                  | gold pieces
 73845 | Lair:1   | Found the amulet of Vitality {RegenMP++ Regen++}
 73873 | Lair:1   | Bought a scroll of teleportation for 39 gold pieces
 73873 | Lair:1   | Bought a scroll of blinking for 97 gold pieces
 73873 | Lair:1   | Bought a scroll of blinking for 97 gold pieces
 73874 | Lair:1   | Bought a scroll of teleportation for 84 gold pieces
 73874 | Lair:1   | Bought a potion of heal wounds for 140 gold pieces
 73874 | Lair:1   | Bought 3 scrolls of blinking for 630 gold pieces
 73876 | Lair:1   | Bought a potion of resistance for 150 gold pieces
 73876 | Lair:1   | Bought a potion of magic for 120 gold pieces
 73876 | Lair:1   | Bought a potion of resistance for 150 gold pieces
 73876 | Lair:1   | Bought a potion of mutation for 120 gold pieces
 73880 | Lair:1   | Bought a shiny onyx ring for 140 gold pieces
 73886 | Lair:1   | Bought a scroll of teleportation for 45 gold pieces
 74240 | Lair:5   | Fell from the grace of Gozag
 74240 | Lair:5   | Became a worshipper of Jiyva Jafropa the Shapeless
 74564 | Crypt:1  | Entered Level 1 of the Crypt
 74891 | Crypt:1  | Reached * piety under Jiyva
 74997 | Crypt:1  | Identified the +1 long sword "Jellybane" {heavy, Int+3
                  | Dex+3 SInv}
 75122 | Crypt:1  | Reached ** piety under Jiyva
 75640 | Crypt:2  | Found a basalt altar of Yredelemnul.
 75651 | Crypt:2  | Reached XP level 25. HP: 106/187 MP: 40/40
 75738 | Crypt:2  | Identified the ring "Westriz" {Ice Dex+2}
 75738 | Crypt:2  | Noticed Josephina
 75747 | Crypt:2  | Killed Josephina
 75860 | Crypt:2  | Reached *** piety under Jiyva
 75893 | Crypt:2  | Gained mutation: Your system is resistant to poisons.
                  | (rPois) [Jiyva's grace]
 75893 | Crypt:2  | Gained mutation: You have an increased reservoir of magic.
                  | (+10% MP) [Jiyva's grace]
 75893 | Crypt:2  | Gained mutation: You have a considerably increased
                  | reservoir of magic. (+20% MP) [Jiyva's grace]
 75893 | Crypt:2  | Gained mutation: You have a greatly increased reservoir of
                  | magic. (+30% MP) [Jiyva's grace]
 76100 | Crypt:2  | Found a runed translucent gate.
 76100 | Crypt:2  | Found a runed translucent gate.
 76100 | Crypt:2  | Found a runed translucent gate.
 76101 | Crypt:2  | Noticed Zievuyg's ghost (adept MiFi)
 76101 | Crypt:2  | Noticed Pimiptod's ghost (adept MiFi)
 76102 | Crypt:2  | Noticed Katt's ghost (adept MiFi)
 76102 | Crypt:2  | Found the +15 Maxwell's patent armour {-Cast -Tele rElec
                  | Will+ rCorr}
 76173 | Crypt:2  | Killed Pimiptod's ghost
 76177 | Crypt:2  | Killed Zievuyg's ghost
 76181 | Crypt:2  | Killed Katt's ghost
 76298 | Crypt:3  | Entered Level 3 of the Crypt
 76646 | Crypt:3  | Found a runed translucent gate.
 76646 | Crypt:3  | Found a runed translucent gate.
 76646 | Crypt:3  | Found a runed translucent gate.
 76647 | Crypt:3  | Noticed Pimiptod's ghost (adept MiFi)
 76651 | Crypt:3  | Reached **** piety under Jiyva
 76743 | Crypt:3  | Reached skill level 10 in Translocations
 76748 | Crypt:3  | Found a staircase to the Tomb.
 77089 | Crypt:3  | Noticed a dread lich
 77093 | Crypt:3  | Killed a dread lich
 77107 | Crypt:3  | Found a basalt altar of Yredelemnul.
 77115 | Crypt:3  | Found an ancient bone altar of Kikubaaqudgha.
 77146 | Crypt:3  | Identified the ring "Lufeth" {+Blink rN+}
 77146 | Crypt:3  | Identified the ring of Ashenzari, Muttering {rN+ Slay+2}
 77146 | Crypt:3  | Identified the ring of Cuupsip {rF+ rN+ Will+ Str-5 Slay+2}
 77149 | Crypt:3  | Got the Thoughts on Malignant Deeds
 77150 | Crypt:3  | Identified the ring "Estrocle" {rCorr Str+3 Int+6 Dex+3}
 77271 | Crypt:3  | Killed Pimiptod's ghost
 77282 | Crypt:3  | Identified the +2 hat "Xonifois" {Rampage rPois rC- MP-9}
 77283 | Crypt:3  | Identified the staff of poison "Sibosch" {rPois rF+ rCorr}
 77345 | Tomb:1   | Entered Level 1 of the Tomb of the Ancients
 77783 | Tomb:1   | Noticed a royal mummy
 77788 | Tomb:1   | Noticed a royal mummy
 77926 | Tomb:1   | Killed a royal mummy
 78507 | Depths:1 | Entered Level 1 of the Depths
 78536 | Depths:1 | Noticed Nikola
 78557 | Depths:1 | Killed Nikola
 78825 | Depths:1 | Found a white marble altar of Elyvilon.
 78885 | Depths:1 | Reached ***** piety under Jiyva
 78913 | Depths:1 | Lost mutation: You have a greatly increased reservoir of
                  | magic. (+30% MP) [Jiyva's grace]
 78913 | Depths:1 | Gained mutation: Your flesh is heat resistant. (rF+)
                  | [Jiyva's grace]
 78913 | Depths:1 | Gained mutation: Your flesh is very heat resistant. (rF++)
                  | [Jiyva's grace]
 78913 | Depths:1 | Gained mutation: Your flesh is almost immune to the effects
                  | of heat. (rF+++) [Jiyva's grace]
 78913 | Depths:1 | Gained mutation: You have a beak for a mouth. [Jiyva's
                  | grace]
 78978 | Depths:1 | Found Guucs's Distillery.
 78986 | Depths:1 | Found Ruok's Magic Scroll Shoppe.
 78986 | Depths:1 | Found Hoezoon's Magic Scroll Emporium.
 78991 | Depths:1 | Found Xithaorcho's Weapon Emporium.
 79019 | Depths:1 | Reached XP level 26. HP: 194/194 MP: 46/48
 79387 | Depths:1 | Found a gateway to Hell.
 80060 | Depths:2 | You are sucked into a shaft and drop 1 floor!
 80300 | Depths:3 | Was forgiven by Gozag
 80453 | Depths:3 | Got Zonguldrok's Essays on the Undead
 80583 | Depths:3 | Reached ****** piety under Jiyva
 80590 | Depths:3 | Found a one-way gateway to a ziggurat.
 80747 | Depths:3 | Found a one-way gate to the infinite horrors of the Abyss.
 81160 | Depths:2 | Lost mutation: You have a beak for a mouth. [Jiyva's grace]
 81160 | Depths:2 | Lost mutation: Your flesh is almost immune to the effects
                  | of heat. (rF+++) [Jiyva's grace]
 81160 | Depths:2 | Lost mutation: Your flesh is very heat resistant. (rF++)
                  | [Jiyva's grace]
 81160 | Depths:2 | Lost mutation: You are somewhat resistant to further
                  | mutation. [Jiyva's grace]
 81160 | Depths:2 | Lost mutation: Your system is resistant to poisons. (rPois)
                  | [Jiyva's grace]
 81160 | Depths:2 | Gained mutation: One of your tentacles bears a spike.
                  | [Jiyva's grace]
 81160 | Depths:2 | Gained mutation: One of your tentacles bears a nasty spike.
                  | [Jiyva's grace]
 81160 | Depths:2 | Gained mutation: One of your tentacles bears a large
                  | vicious spike. [Jiyva's grace]
 81160 | Depths:2 | Gained mutation: You have a small jelly attached to you
                  | that senses nearby items. [Jiyva's grace]
 81263 | Depths:2 | Found a one-way gate leading to the halls of Pandemonium.
 81589 | Depths:2 | Reached XP level 27. HP: 201/201 MP: 18/48
 81703 | Depths:2 | Identified the +1 leather armour of the Unseen Realm
                  | {Stlth+}
 82117 | Slime:5  | Found a viscous altar of Jiyva.
 82138 | Slime:5  | Identified the +0 cloak "Zooggub" {+Blink rElec rF- Int+4}
 82160 | Slime:5  | Got Tociydd's Book of the Undead and Striking
 82161 | Slime:5  | Identified the +6 lajatang of Zin's Inspiration {heavy,
                  | *Slow rF+ rC+ Will+}
 82212 | Slime:5  | Identified the +11 mace "Beastslayer" {pain, Str+2 Stlth+}
 82214 | Slime:5  | Got a slimy rune of Zot
 82799 | Hell     | Entered the Vestibule of Hell
 82799 | Hell     | Noticed Geryon
 83662 | Hell     | Gained mutation: You occasionally shout uncontrollably at
                  | your foes. [a cacodemon]
 83891 | Hell     | Killed Geryon
 83956 | Hell     | Found a gateway to the Iron City of Dis.
 84121 | Hell     | Found a gateway to the freezing wastes of Cocytus.
 84182 | Hell     | Found a gateway to the decaying netherworld of Tartarus.
 84249 | Hell     | Found a gateway to the ashen valley of Gehenna.
 84318 | Geh:1    | Entered Level 1 of Gehenna
 84330 | Geh:1    | Noticed a dread lich
 84345 | Geh:1    | Killed a dread lich
 85362 | Geh:4    | Lost mutation: Your flesh is heat resistant. (rF+) [Jiyva's
                  | grace]
 85362 | Geh:4    | Lost mutation: You have a considerably increased reservoir
                  | of magic. (+20% MP) [Jiyva's grace]
 85362 | Geh:4    | Lost mutation: You occasionally shout uncontrollably at
                  | your foes. [Jiyva's grace]
 85362 | Geh:4    | Gained mutation: You are agile. (Dex +4, Str/Int -1)
                  | [Jiyva's grace]
 85362 | Geh:4    | Gained mutation: You are very agile. (Dex +8, Str/Int -2)
                  | [Jiyva's grace]
 85362 | Geh:4    | Gained mutation: Your flesh is cold resistant. (rC+)
                  | [Jiyva's grace]
 85362 | Geh:4    | Gained mutation: Your flesh is very cold resistant. (rC++)
                  | [Jiyva's grace]
 85367 | Geh:4    | HP: 2/203 [balrug/+0 demon whip (23)]
 85367 | Geh:4    | Slain by a balrug

Illustrated notes

Levels and vault maps discovered:
D:1:      dpeg_arrival_snail, layout_basic
D:2:      layout_basic, minmay_small_reverse_x, uniq_terence, uniq_sigmund,
          uniq_jessica, uniq_natasha
D:3:      layout_loops_cross, lemuel_coloured_pillars_altar
D:4:      layout_gridville, xom_redecorated, minmay_misc_feat_encased,
          uniq_duvessa
D:5:      layout_basic, lemuel_tele_altar, temple_hall
D:6:      layout_basic, serial_shops, nicolae_shop_bloodbath_and_beyond,
          nicolae_shop_window_shopping, kennysheep_mini,
          nicolae_shop_hallway_plus, nicolae_shop_behind_doors
D:7:      layout_cave_pods, bloody_makhleb, chequers_temple_overflow_minitemple,
          uniq_menkaure
D:8:      layout_basic, minmay_misc_feat_rows
D:9:      layout_roguey, nicolae_tso_carved_into_rock,
          mainiacjoe_overflow_six_doors_small, orc_0_dummy
D:10:     layout_gridville, dpeg_oklobed_lair, enter_bailey_2
D:11:     minmay_bubble_buster, layout_loops_corners
D:12:     wad_arrow_thing, layout_basic, enter_trove_1, mikee_hates_you,
          uniq_lodul
D:13:     layout_basic, uniq_jorgrun
D:14:     layout_cave_pools, hangedman_vaults_entry_quadrant_bands,
          minmay_crystal_room, minmay_misc_feat_chi, uniq_roxanne
D:15:     grunt_enter_depths_snipers, layout_loops_cross,
          gauntlet_entry_generic, yredelemnul_altar_generic
Temple:   compressed_dpeg_triangle_lava_temple
Lair:1:   layout_gridlike, portal_ice_cave_entry_pillars_1, evilmike_ambush
          [evilmike_ambush_outer_doors, evilmike_ambush_inner_basic],
          infiniplex_staircase_pool_2
Lair:2:   layout_regular_city, minmay_shoals_entry_centaurs,
          nicolae_volcano_entry_lava_flow, grunt_forest_large_clearing_hut,
          lemuel_fruit_fields
Lair:3:   layout_long_grid, nicolae_spider_entry_orb_guardian
Lair:4:   beast_lair_carwin_large_1, layout_long_grid, minmay_stone_trees_small
Lair:5:   gammafunk_lair_ancient_temple, layout_regular_city, slime_entry_2,
          guppyfry_lair_drakes
Shoals:1: layout_shoals, nicolae_shoals_goliath_grotto
Shoals:2: layout_shoals, st_sunken_temple
Shoals:3: cheibrodos_shoals_roost, layout_shoals, uniq_polyphemus, uniq_ilsuiw
Shoals:4: shoals_end_grunt_ice, layout_shoals, shoal_ilsuiw,
          nicolae_shop_clearance
Spider:1: layout_spider_delve, nicolae_looking_at_the_future
Spider:2: nicolae_spider_mines_1
Spider:3: layout_cave_pods, uniq_arachne
Spider:4: grunt_spider_rune_island
Slime:1:  layout_caves, cheibrodos_slime_lost_civilization_5
Slime:2:  layout_caves, nicolae_slime_round_cave
Slime:3:  cheibrodos_slime_lost_civilization_1, layout_caves
Slime:4:  layout_caves
Slime:5
Orc:1:    layout_caves, uniq_maurice
Orc:2:    grunt_orc_tribal_feast, layout_caves, serial_shops,
          nicolae_diamond_shop, mines1_david
Elf:1:    minmay_guarded_unrand_folly, layout_gridlike, serial_shops, shop,
          hangedman_elf_disciples
Elf:2:    nicolae_elf_blades_splatter_lattice [nicolae_blade_tridents],
          layout_geoelf_octagon, serial_shops, shop
Elf:3:    elf_hall_gauntlet_wide, layout_loops_cross, serial_shops,
          shop_fountains, minmay_elf_annihilation
Vaults:1: ontoclasm_vaults_gallery, nicolae_vaults_alarming,
          nicolae_vaults_rhombus_6, v_pattern_2, v_misc_10,
          nicolae_vaults_specimen_jars, v_misc_1, vaults_room_fours,
          layout_vaults_quadrants, uniq_donald
Vaults:2: gammafunk_ghost_wrathful_warriors, serial_ice_h,
          hangedman_vaults_slither, nicolae_vaults_little_ls,
          dpeg_vaults_monster_box, nicolae_vaults_little_squares_6,
          ontoclasm_vaults_gateway, v_misc_13, v_alt_pattern_6,
          nicolae_vaults_branching_niches, vaults_room_large_hall,
          vaults_dpeg_diagonal, nicolae_vaults_little_squares_4,
          layout_vaults_big_cross, uniq_frederick
Vaults:3: v_misc_5, hangedman_vaults_variations, v_misc_18,
          hangedman_vaults_corner_blocks, grunt_vaults_focal,
          blue_anna_dwarven_crypt, hangedman_vaults_pinch,
          hangedman_vaults_nails, hangedman_vaults_slice, vaults_room_door_ring,
          ontoclasm_vaults_ligature, nicolae_vaults_little_squares_2,
          vaults_room_grid, v_misc_19, layout_vaults_ring, serial_shops,
          nicolae_diamond_shop
Vaults:4: gammafunk_ghost_mausoleum, nicolae_vaults_little_squares_6,
          ontoclasm_vaults_tryst, vaults_room_door_ring,
          vaults_standard_mumra_enter_the_diamond, ontoclasm_vaults_misaligned,
          layout_vaults_chaotic_city
Vaults:5: serial_shops, uniq_jory, uniq_saint_roka, uniq_mara
Crypt:1:  layout_regular_city
Crypt:2:  layout_chaotic_city, gammafunk_ghost_cemetery, weyrava_vampire_temple,
          uniq_josephina
Crypt:3:  lightli_unholy_cathedral, layout_chaotic_city,
          nicolae_tomb_entry_grand_gallery, gammafunk_ghost_split
Tomb:1
Depths:1: layout_forbidden_donut, chequers_serial_rivers_micro_d,
          grunt_hell_horde, eino_tiny_chamber, elyvilon_altar_4,
          roderic_lattice_octagonal_star, minmay_shoptagon, uniq_nikola
Depths:2: kennysheep_demon_jail, layout_gridlike, serial_curves, eino_curves_03,
          eino_curves_04, nrook_pool_corridor, hell_entry, pan_entry
Depths:3: minmay_the_grid_square_5x5_5x5
          [minmay_the_grid_square_5x5_two_walls_b,
          minmay_the_grid_square_5x5_shrine1,
          minmay_the_grid_square_5x5_broken_cross,
          minmay_the_grid_square_5x5_minibox,
          minmay_the_grid_square_5x5_tri_point, minmay_the_grid_square_5x5_z,
          minmay_the_grid_square_5x5_prize_open, minmay_the_grid_square_5x5_two,
          minmay_the_grid_square_5x5_prize_deathbox,
          minmay_the_grid_square_5x5_lines, minmay_the_grid_square_5x5_minimal,
          minmay_the_grid_square_5x5_eight_small,
          minmay_the_grid_square_5x5_prize_snowflake,
          minmay_the_grid_square_5x5_tetrominoes,
          minmay_the_grid_square_5x5_seven,
          minmay_the_grid_square_5x5_hollow_slash,
          minmay_the_grid_square_5x5_prize_open,
          minmay_the_grid_square_5x5_half_checkered,
          minmay_the_grid_square_5x5_prize_open,
          minmay_the_grid_square_5x5_three_walls,
          minmay_the_grid_square_5x5_beaten_path,
          minmay_the_grid_square_5x5_longway,
          minmay_the_grid_square_5x5_checkered_statues,
          minmay_the_grid_square_5x5_two_walls_a,
          minmay_the_grid_square_5x5_bracketed], layout_cave_pools,
          enter_ziggurat_b, hellmouth_1, hangedman_decor_push, abyss_entry
Hell
Geh:1:    layout_gehenna_pools_box
Geh:2:    layout_gehenna_pools_basic
Geh:3:    layout_gehenna_pools_basic
Geh:4:    layout_gehenna_lava_caves

Skill      XL: |  1  2  3  4  5  6  7  8  9 10 11 12 13 14 15 16 17 18 19 20 21 22 23 24 25 26 27 |
---------------+----------------------------------------------------------------------------------+-----
Spellcasting   | 3 4 5 6 8 9 11 13 | 13.1
Summonings     | 5 6 7 9 11 12 14 | 14.6
Hexes          | 1 2 3 4 |  4.0
Air Magic      | 1 2 4 5 9 12 14 15 17 19 20 21 | 21.5
Translocations | 3 4 8 10 11 12 | 12.0
Fighting       | 7 10 11 13 15 16 18 19 20 | 20.4
Dodging        | 7 11 12 13 15 16 18 19 20 | 20.5
Transmutations | 7 11 13 15 16 | 16.5
Unarmed Combat | 4 8 10 12 14 16 17 19 20 21 | 21.2
Stealth        | |  2.6

Action                     |  1- 3 |  4- 6 |  7- 9 | 10-12 | 13-15 | 16-18 | 19-21 | 22-24 | 25-27 || total
---------------------------+-------+-------+-------+-------+-------+-------+-------+-------+-------++-------
  Melee: Unarmed           |    31 |    22 |    31 |    13 |       |   797 |   884 |   974 |  1280 ||  4032
         Constrict         |    10 |     7 |     6 |     3 |       |       |       |       |       ||    26
         Tentacles         |     9 |     8 |     9 |     3 |     1 |       |       |       |       ||    30
         Punch             |       |     2 |       |     1 |       |    19 |    70 |   126 |    70 ||   288
         War axe           |       |       |       |       |     3 |       |       |       |       ||     3
   Fire: Shortbow          |       |       |       |       |    25 |    39 |    14 |    15 |    10 ||   103
   Cast: Summon Small Mamm |    29 |    16 |    37 |     6 |     2 |     1 |     1 |       |       ||    92
         Call Canine Famil |     4 |    16 |    37 |    22 |    48 |    28 |    10 |     7 |     3 ||   175
         Call Imp          |     1 |     6 |    34 |     5 |     5 |     4 |       |       |       ||    55
         Summon Guardian G |       |     4 |    23 |    19 |    43 |    27 |     7 |     1 |     2 ||   126
         Summon Lightning  |       |       |    16 |    18 |    42 |    19 |     1 |       |       ||    96
         Summon Mana Viper |       |       |       |    50 |   114 |    86 |    52 |    28 |     7 ||   337
         Summon Cactus Gia |       |       |       |    38 |   118 |    93 |    50 |    24 |     8 ||   331
         Summon Forest     |       |       |       |     1 |    39 |    46 |    41 |    15 |     5 ||   147
         Storm Form        |       |       |       |       |       |    93 |   114 |   128 |    95 ||   430
         Manifold Assault  |       |       |       |       |       |       |       |   112 |   573 ||   685
         Maxwell's Capacit |       |       |       |       |       |       |       |       |     1 ||     1
 Invoke: Call Merchant     |       |       |       |       |     5 |     5 |       |     2 |       ||    12
Ability: Blinkbolt         |       |       |       |       |       |    43 |    50 |    16 |     2 ||   111
         End Transformatio |       |       |       |       |       |       |     1 |       |       ||     1
    Use: Scroll            |       |       |     8 |    17 |     2 |     8 |     1 |     2 |     1 ||    39
         Potion            |       |       |     1 |     2 |     3 |     9 |       |     3 |     2 ||    20
   Stab: Sleeping          |     1 |       |       |       |       |     1 |     9 |     2 |     3 ||    16
         Distracted        |       |       |     2 |     1 |     1 |     5 |    16 |    13 |     2 ||    40
         Petrified         |       |       |       |       |       |       |     2 |       |       ||     2
 Armour: Skin              |     1 |       |     2 |     3 |     6 |   160 |    95 |   124 |   132 ||   523
  Dodge: Dodged            |    19 |    26 |    44 |    64 |   156 |  1898 |  1247 |   992 |  1072 ||  5518
  Block: Other             |       |       |       |       |       |       |    52 |   122 |       ||   174
         Reflection        |       |       |       |       |       |       |     3 |    21 |       ||    24

Table legend: (Time is in decaauts)
 A = Elapsed time spent in this place.
 B = Non-inter-level travel time spent in this place.
 C = Inter-level travel time spent in this place.
 D = Time resting spent in this place.
 E = Time spent auto-exploring this place.
 F = Levels seen in this place.
 G = Mean time per level.
                   A        B        C        D        E       F      G
               +--------+--------+--------+--------+--------+-----+--------+
         Total |  84867 |  78954 |   5913 |  11535 |  49423 |  61 | 1391.3 |
       Dungeon |  20957 |  18812 |   2145 |   1636 |  13652 |  15 | 1397.1 |
        Temple |     32 |     26 |      6 |      0 |      9 |   1 |   32.0 |
          Lair |   8791 |   7513 |   1278 |    613 |   5280 |   5 | 1758.2 |
        Shoals |   7901 |   7718 |    183 |    656 |   5545 |   4 | 1975.2 |
   Spider Nest |   6583 |   6493 |     90 |    862 |   4339 |   4 | 1645.8 |
    Slime Pits |   6020 |   5698 |    322 |   1222 |   2991 |   5 | 1204.0 |
  Orcish Mines |   2103 |   1912 |    191 |    193 |   1396 |   2 | 1051.5 |
   Elven Halls |   4655 |   4443 |    212 |    592 |   2663 |   3 | 1551.7 |
        Vaults |  13984 |  13039 |    945 |   2924 |   7421 |   5 | 2796.8 |
         Crypt |   2755 |   2578 |    177 |     97 |   1533 |   3 |  918.3 |
          Tomb |    870 |    745 |    125 |     92 |     26 |   1 |  870.0 |
        Depths |   4183 |   4029 |    154 |   1195 |   2054 |   3 | 1394.3 |
          Hell |    520 |    506 |     14 |     25 |    315 |   1 |  520.0 |
       Gehenna |   1006 |    941 |     65 |     64 |    734 |   4 |  251.5 |
         Trove |    130 |    130 |      0 |      0 |      9 |   1 |  130.0 |
        Bailey |    533 |    533 |      0 |     16 |    170 |   1 |  533.0 |
      Ice Cave |   1565 |   1565 |      0 |    356 |    729 |   1 | 1565.0 |
       Volcano |    988 |    988 |      0 |    444 |    177 |   1 |  988.0 |
      Gauntlet |   1283 |   1283 |      0 |    547 |    380 |   1 | 1283.0 |
               +--------+--------+--------+--------+--------+-----+--------+

Top non-repeatable levels by time:
Vaults:4: 4639 daAuts
Shoals:2: 2571 daAuts
  Lair:5: 2536 daAuts
Vaults:2: 2520 daAuts
Vaults:5: 2346 daAuts
Spider:3: 2270 daAuts
Vaults:1: 2269 daAuts
Vaults:3: 2208 daAuts
    D:11: 2205 daAuts
Depths:1: 2174 daAuts
Shoals:4: 2090 daAuts
   Elf:3: 2058 daAuts
    D:12: 2006 daAuts
     D:7: 1949 daAuts
  Lair:3: 1908 daAuts
